AoeStats
← Nand_offline

Arabia

509974973Analyzed
1v1 RM · 2d ago on Sep 28, 2026· 66m 3s· 2 players
Game mode
Random Map
Map size
Tiny (2 player)
Population
200
Speed
Normal
Resources
Standard
Victory
Conquest
Starting age
Dark Age
Ending age
Imperial Age
RankedLock teamsTeams togetherTeam positionsShared explorationLock speedFull tech treeHidden civsTurbo modeCheats
Victory
Defeat
🇲🇽 Bengalis · Mexico
640
+17
🇺🇾 Maya · Uruguay
661
-17
William Waffle
8:10 Loom
10:22 Feudal Age
10:59 Horse Collar
12:03 Wheelbarrow
11:40 Double-Bit Axe
13:23 Town Watch
13:51 Gold Mining
19:14 Castle Age
18:15 Stone Mining
18:41 Bloodlines
18:25 Fletching
19:09 Padded Archer Armor
19:33 Scale Barding Armor
20:10 Bow Saw
21:38 Forging
24:00 Iron Casting
24:10 Ballistics
25:19 Husbandry
26:55 Gold Shaft Mining
26:42 Heavy Plow
29:05 Chain Barding Armor
35:27 Imperial Age
33:56 Hand Cart
34:06 Paiks
34:23 Bodkin Arrow
36:30 Elite Elephant Archer
38:02 Leather Archer Armor
39:49 Chemistry
40:04 Crop Rotation
39:58 Bracer
47:17 Light Cavalry
48:59 Blast Furnace
48:33 Ring Archer Armor
50:12 Plate Barding Armor
53:26 Two-Man Saw
52:16 Siege Elephant
Nand_offline
7:31 Loom
9:46 Feudal Age
8:21 Loom
17:09 Castle Age
15:40 Scale Mail Armor
15:35 Horse Collar
18:12 Heavy Plow
19:08 Eagle Warrior
22:22 Forging
25:37 Double-Bit Axe
25:55 Gold Mining
25:58 Stone Mining
26:50 Iron Casting
28:42 Pikeman
29:55 Squires
30:46 Sanctity
30:37 Fervor
32:30 Stone Shaft Mining
32:32 Fletching
36:09 Imperial Age
36:02 Hul'che Javelineers
36:27 Ballistics
36:03 Murder Holes
36:19 Masonry
36:52 Atonement
37:09 Block Printing
36:37 Crossbowman
38:08 Bodkin Arrow
37:42 Elite Skirmisher
38:46 Thumb Ring
38:58 Padded Archer Armor
38:56 Halberdier
40:17 Arbalester
46:45 Onager
48:15 Devotion
48:55 Theocracy
50:00 Blast Furnace
49:00 Bracer
54:18 Treadmill Crane
60:21 Elite Plumed Archer
61:54 Faith
61:55 Heresy
61:30 Herbal Medicine
Connection lost

Rejoining the realm…

Still unreachable

The connection could not be restored.

Session expired

The server has moved on; the page needs a fresh start.